 Seeded DCSS version 0.28.0-53-g5a82cb258f (webtiles) character file.

Game seed: 9692076899585849976 (custom seed)

822 bnorton916 the Protected (level 7, -4/36 HPs)
             Began as a Deep Elf Fire Elementalist on June 16, 2022.
             Slain by an ice beast (11 damage)
             ... on level 5 of the Dungeon.
             The game lasted 00:05:57 (6573 turns).

bnorton916 the Protected (DEFE)                     Turns: 6573, Time: 00:05:57

Health: -4/36      AC:  4    Str:  5    XL:     7   Next: 63%
Magic:  7/17       EV: 12    Int: 22    God:
Gold:   260        SH:  0    Dex: 15    Spells: 11/17 levels left

rFire   . . .      SeeInvis .   (no weapon)
rCold   . . .      Faith    .   (no shield)
rNeg    . . .      Spirit   .   m - +0 leather armour
rPois   .          Reflect  .   (no helmet)
rElec   .          Harm     .   (no cloak)
rCorr   .          Rampage  .   (no gloves)
Will    .....                   (no boots)
Stlth   ++........              (no amulet)
HPRegen 0.12/turn               (no ring)
MPRegen 0.15/turn               (no ring)

@: no status effects
A: no striking features
a: no special abilities


You were on level 5 of the Dungeon.
You visited 1 branch of the dungeon, and saw 5 of its levels.

You collected 260 gold pieces.

Inventory:

Hand Weapons
 i - a +4 dagger
 p - a +0 whip of electrocution
Missiles
 f - 77 stones
 q - 2 boomerangs
Armour
 m - a +0 leather armour (worn)
Magical Staves
 o - a staff of death
Wands
 j - a wand of charming (8)
Scrolls
 b - 2 scrolls of enchant armour {unknown}
 c - 2 scrolls of magic mapping {unknown}
 d - 3 scrolls of identify {unknown}
 e - a scroll of silence {unknown}
 g - 2 scrolls of torment {unknown}
 h - a scroll of immolation {unknown}
 k - a scroll of brand weapon {unknown}
 n - a scroll of teleportation {unknown}
Potions
 a - 2 potions of degeneration {unknown}
 l - a potion of attraction {unknown}


   Skills:
 - Level 10.0 Armour
 - Level 2.4 Dodging
 - Level 2.4 Stealth
 + Level 5.9 Spellcasting
 + Level 4.3 Conjurations
 + Level 5.4 Fire Magic


You had 11 spell levels left.
You knew the following spells:

 Your Spells              Type           Power      Damage    Failure   Level
a - Foxfire               Conj/Fire      100%       2x1d9     1%          1
b - Scorch                Fire           60%        2d8       2%          2
c - Conjure Flame         Conj/Fire      27%        6-21      5%          3

Your spell library contained the following spells:

 Spells                   Type           Power      Damage    Failure   Level
 Static Discharge         Conj/Air       15%        N/A       9%          2
 Inner Flame              Hex/Fire       18%        N/A       13%         3
 Sandblast                Erth           12%        2d6       14%         1
 Stone Arrow              Conj/Erth      30%        3d8       17%         3
 Flame Wave               Conj/Fire      27%        2d7       19%         4
 Sticky Flame             Conj/Fire      27%        2d5       19%         4
 Passwall                 Tmut/Erth      5%         N/A       21%         2
 Dispel Undead            Necr           6%         3d8       80%         4


Dungeon Overview and Level Annotations

Branches:
Dungeon (5/15)
 Temple: D:4-7

Altars:

Shops:
D:4 *


Message History

Unknown command.
An ice beast is nearby!
The scorpion zombie is no longer more vulnerable to fire.
Casting: Scorch (safe; 2% risk of failure)
Confirm with . or Enter, or press ? or * to list all spells.
You conjure some foxfire!
The foxfire hits the ice beast!
The ice beast melts!
The ice beast is moderately wounded.
The foxfire hits the ice beast!
The ice beast melts!
The ice beast is heavily wounded.
The ice beast hits you. The ice beast freezes you!
Unknown command.
Casting: Foxfire (safe; 1% risk of failure)
Confirm with . or Enter, or press ? or * to list all spells.
You conjure some foxfire!
The ice beast hits you but does no damage.
The foxfire hits the ice beast but does no damage.
The ice beast is heavily wounded.
The foxfire hits the ice beast.
The ice beast is heavily wounded.
The scorpion zombie hits you.
* * * LOW HITPOINT WARNING * * *
The ice beast hits you but does no damage.
Casting: Foxfire (safe; 1% risk of failure)
Confirm with . or Enter, or press ? or * to list all spells.
Flames lash the scorpion zombie.
You destroy the scorpion zombie!
The ice beast barely misses you. The ice beast barely misses you.
Unknown command.
Casting: Scorch (safe; 2% risk of failure)
Confirm with . or Enter, or press ? or * to list all spells.
Flames lash the ice beast.
The ice beast melts!
The ice beast is severely wounded.
The ice beast's fire resistance burns away.
The ice beast hits you but does no damage.
The ice beast hits you.
* * * LOW HITPOINT WARNING * * *
The ice beast freezes you!
You die...

#### #.. ### #.# ##.##
######.##### ##...##
#..........###
#.....##########............#
..(.............@Y........#.###
#.....##.###.####.###.#.#>....
#...###.# #.# #.# #.#.#.#.#.
#)##.#.# #.# #.# #...Z...##..#
#.))...# #.# #.# #...........#
####.#.###.####.# ##......##.##
#.#..........# ##.#.#......
#.#####.####.# #.#..#.### #.#
#.# #.# #.#.#.##


You could see an ice beast (combustible).

Vanquished Creatures
  A black bear (D:4)
  A phantom (D:5)
  A scorpion (D:4)
  A water moccasin skeleton (D:4)
  A jelly (D:4)
  A scorpion zombie (D:5)
  2 orc wizards
  9 adders
  8 gnolls
  A howler monkey skeleton (D:4)
  A white imp (D:5)
  2 ufetubi (D:4)
  A worm (D:2)
  5 dart slugs
  12 orcs
  9 ball pythons
  5 bats
  6 endoplasms
  3 giant cockroaches
  11 goblins
  9 hobgoblins
  6 kobolds
  4 quokkas
  A frilled lizard (D:1)
  3 rats
104 creatures vanquished.

Vanquished Creatures (others)
  421 foxfires
  9 plants (D:5)
430 creatures vanquished.

Grand Total: 534 creatures vanquished

Notes
Turn   | Place    | Note
-------+----------+-------------------------------------------
     0 | D:1      | bnorton916 the Deep Elf Fire Elementalist began the quest
                  | for the Orb.
     0 | D:1      | Reached XP level 1. HP: 10/10 MP: 6/6
   203 | D:1      | Reached XP level 2. HP: 13/15 MP: 1/8
   537 | D:1      | Found a faded altar of an unknown god.
  1337 | D:2      | Reached XP level 3. HP: 18/19 MP: 7/10
  2882 | D:2      | Reached XP level 4. HP: 24/24 MP: 10/12
  2885 | D:2      | Learned a level 2 spell: Scorch
  2889 | D:2      | Learned a level 3 spell: Conjure Flame
  4172 | D:3      | Reached XP level 5. HP: 28/28 MP: 5/14
  4844 | D:4      | Reached skill level 10 in Armour
  4844 | D:4      | Reached XP level 6. HP: 32/32 MP: 15/15
  5558 | D:4      | Reached skill level 5 in Spellcasting
  5627 | D:4      | Reached XP level 7. HP: 36/36 MP: 6/16
  5695 | D:4      | Reached skill level 5 in Fire Magic
  5759 | D:4      | Found Faesaod's General Store.
  6228 | D:5      | Entered Level 5 of the Dungeon
  6573 | D:5      | Slain by an ice beast

Illustrated notes

Levels and vault maps discovered:
D:1:      dpeg_arrival_more_subterranean_lakeside_camping, layout_basic,
          serial_curves, eino_curves_03, eino_curves_01,
          shapermc_ecumenical_altar_mp_ritualfount
D:2:      layout_basic
D:3:      minmay_bubble_buster, layout_loops_corners
D:4:      layout_rooms, serial_shops, nicolae_shop_statue_plus
D:5:      layout_loops_ring, nicolae_hepliaklqana_hazy_memory, uniq_sigmund

Skill      XL: |  1  2  3  4  5  6  7 |
---------------+----------------------+-----
Conjurations   | 2 3 4 |  4.3
Fire Magic     | 4 5 |  5.4
Spellcasting   | 4 5 |  5.9
Armour         | 10 | 10.0
Dodging        | |  2.4
Stealth        | |  2.4

Action                   |  1- 3 |  4- 6 |  7- 9 || total
-------------------------+-------+-------+-------++-------
 Cast: Foxfire           |    91 |   119 |    40 ||   250
       Scorch            |       |    14 |    21 ||    35
  Use: Potion            |     1 |     1 |       ||     2
Armor: Robe              |     3 |     6 |       ||     9
       Leather armour    |       |       |     9 ||     9
Dodge: Dodged            |    20 |    14 |    18 ||    52
